 Dungeon Crawl Stone Soup version 0.32-a0-306-gfed3edf829 (webtiles) character file.

Game seed: 11908237054897362384

754 ytrimaz the Grave Robber (level 7, -11/46 HPs)
             Began as a Demonspawn Necromancer on Feb 14, 2024.
             Mangled by a bullfrog (19 damage)
             ... on level 5 of the Dungeon.
             The game lasted 00:08:17 (5285 turns).

ytrimaz the Grave Robber (Demonspawn Necromancer)   Turns: 5285, Time: 00:08:18

Health: -11/46     AC:  3    Str:  8    XL:     7   Next: 49%
Magic:  1/12       EV:  2    Int: 21    God:
Gold:   243        SH:  0    Dex: 14    Spells: 5/13 levels left

rFire   . . .        b - +0 war axe (elec)
rCold   . . .        (no shield)
rNeg    . . .        a - +0 robe
rPois   +            (helmet restricted)
rElec   .            (no cloak)
rCorr   .            (no gloves)
SInv    .            d - +0 pair of boots
Will    +....        (no amulet)
Stlth   ++           s - ring of poison resistance
HPRegen 0.27/turn    f - ring of protection from cold
MPRegen 0.13/turn

%: no passive effects
@: sleeping, animating dead
A: demonic guardian 1, big brain 2, horns 1, strong-willed 1, cold vulnerability
1
a: no special abilities


You were on level 5 of the Dungeon.
You visited 1 branch of the dungeon, and saw 5 of its levels.

You collected 243 gold pieces.


Innate Abilities, Weirdness & Mutations

A weak demonic guardian rushes to your aid.
You have an extremely huge brain. (Int +4)
You have a pair of small horns on your head.
You are strong-willed. (Will+)
You are vulnerable to cold. (rC-)


   Skills:
 + Level 5.4 Dodging
 - Level 1.7 Stealth
 + Level 3.8 Spellcasting
 - Level 7.0 Necromancy


You had 5 spell levels left.
You knew the following spells:

 Your Spells              Type           Power      Damage    Failure   Level
a - Necrotise             Necr           100%       1d9       1%          1
b - Vampiric Draining     Necr           33%        2d8       1%          3
c - Animate Dead          Necr           33%        N/A       7%          4

Your spell library contained the following spells:

 Spells                   Type           Power      Damage    Failure   Level
 Curse of Agony           Necr           33%        N/A       19%         5
 Iskenderun's Battlesphe  Conj           4%         2d6       98%         5
 Bombard                  Conj/Erth      2%         9d1       100%        6
 Spellforged Servitor     Conj/Summ      2%         N/A       100%        7

Inventory:

Hand Weapons
 b - a +0 war axe of electrocution (weapon)
   (You took it off an orc on level 5 of the Dungeon)
 i - a +0 dagger of flaming
   (You took it off an orc wizard on level 3 of the Dungeon)
 u - a +0 heavy rapier
   (You found it on level 4 of the Dungeon)
Armour
 a - a +0 robe (worn)
 d - a +0 pair of boots (worn)
   (You found it on level 1 of the Dungeon)
Jewellery
 f - a ring of protection from cold (right hand)
   (You found it on level 2 of the Dungeon)
 j - an amulet of faith
   (You found it on level 3 of the Dungeon)
 n - a ring of flight
   (You found it on level 3 of the Dungeon)
 o - a +6 ring of dexterity
   (You found it on level 4 of the Dungeon)
 s - a ring of poison resistance (left hand)
   (You found it on level 4 of the Dungeon)
Wands
 e - a wand of paralysis (13)
   (You found it on level 2 of the Dungeon)
Scrolls
 c - 2 scrolls of identify
 g - 2 scrolls of enchant armour
 h - 3 scrolls of noise
 k - 2 scrolls of teleportation
 l - a scroll of poison
 p - a scroll of immolation
 q - a scroll of blinking
 t - a scroll of enchant weapon
Potions
 m - a potion of brilliance
 r - 2 potions of heal wounds {unknown}

Dungeon Overview and Level Annotations

Branches:
Dungeon (5/15) Zot: 24708  Temple (0/1) D:5

Altars:
Fedhas
Okawaru

##.## #.## .##
## . # .. .## #
...## ..# #
.....## ...# ##
#.of###...# .##
.. #F@Z)# ..##
.. ##5.## #..#
.## ##..# ##.#
#.# ##..## ##.#
#.####..## #..#
#).##..## #..##
###.....##
##..###......##
#.>.........#


You could see a sleepcap (ally target), a bullfrog (ally target), an orc, a
friendly quasit (summoned) and a friendly orc zombie.


Message History

Press: ? - help, Shift-Dir - straight line, f - orc priest
Aim: an orc priest, wielding a +0 falchion You draw life force from the orc priest!
The orc priest hits you with a +0 falchion.
An orc wizard comes into view. It is wielding a +0 hand axe.
A bullfrog comes into view. 😕 HP[-1] MP[-3]
You take 1 damage, and now have 45/46 hp.
You lost 3 mp, and now have 9/12 mp.
Casting: Vampiric Draining (safe; 1% risk of failure)
Confirm with . or Enter, or press ? or * to list all spells.
Okay, then.
Casting: Vampiric Draining (safe; 1% risk of failure)
Confirm with . or Enter, or press ? or * to list all spells.
You miscast Animate Dead.
You are very lightly contaminated with residual magic.
Nothing appears to happen.
The orc wizard shouts!
The bullfrog gives a loud, deep croak!
The orc priest hits you but does no damage.
The sleepcap closely misses you. 😕 MP[-4]
You lost 4 mp, and now have 5/12 mp.
Unknown command.
Casting: Animate Dead (dangerous; 7% risk of failure)
Confirm with . or Enter, or press ? or * to list all spells.
You call upon the dead to rise.
The orc priest barely misses you.
The sleepcap closely misses you. 😎 HP[+1] MP[-4]
Your hp is fully restored (46).
You lost 4 mp, and now have 1/12 mp.
Unknown command.
Casting: Animate Dead (dangerous; 7% risk of failure)
Confirm with . or Enter, or press ? or * to list all spells.
You don't know that spell.
Unknown command.
You slash the orc priest!
You kill the orc priest!
You hit the sleepcap but do no damage. Lightning courses through the sleepcap!
The sleepcap closely misses you. The orc barely misses you.
The sleepcap barely misses you.
The orc wizard gestures wildly while chanting.
The orc wizard flickers and vanishes!
Deactivating autopickup; reactivate with Ctrl-A.
Unknown command.
You closely miss the orc. You hit the sleepcap.
The sleepcap releases spores at you!
A demonic guardian appears!
You are engulfed in a cloud of soporific spores!
You fall asleep.
The orc hits you with a +0 falchion!
You wake up. 😮 HP[-22]
You take 22 damage, and now have 24/46 hp.
MASSIVE DAMAGE!! (PAUSE) Unknown command.
Aiming: Necrotise (safe; 1% risk of failure)
Press: ? - help, Q - select action, (/) - cycle Shift-Dir - straight line, f - orc
Aim: an orc, wielding a +0 falchion and wearing a +0 robe (ally target, chance to affect: 93%)
The orc writhes in agony.
The sleepcap barely misses you. The orc misses you.
Your quasit bites the orc.
The orc dies!
The dead are walking! 😮 HP[+1] Unknown command.
You hit the sleepcap. You headbutt the sleepcap. The sleepcap misses you.
Your quasit barely misses the bullfrog.
Your quasit claws the bullfrog. x2
The bullfrog barely misses you.
Your quasit bites the bullfrog.
Your quasit misses the bullfrog.
Your quasit closely misses the bullfrog.
The sleepcap releases spores at you.
* * * LOW HITPOINT WARNING * * *
You are engulfed in a cloud of soporific spores!
You are unaffected.
The bullfrog hits you.
* * * LOW HITPOINT WARNING * * *
Your magical contamination has completely faded away. 😨 HP[-7]
You take 7 damage, and now have 18/46 hp.
You slash the sleepcap! You miss the bullfrog. The bullfrog hits you.
* * * LOW HITPOINT WARNING * * *
Your quasit barely misses the bullfrog. x2
Your quasit closely misses the bullfrog.
The sleepcap completely misses you. The bullfrog hits you.
* * * LOW HITPOINT WARNING * * *
Your quasit closely misses the bullfrog.
Your quasit claws the bullfrog.
Your quasit closely misses the bullfrog. 😨 HP[-4]
You take 4 damage, and now have 14/46 hp.
Unknown command.
You completely miss the sleepcap. You closely miss the bullfrog.
The bullfrog hits you.
* * * LOW HITPOINT WARNING * * *
The sleepcap completely misses you.
Your quasit barely misses the bullfrog.
Your quasit closely misses the bullfrog.
Your quasit claws the bullfrog.
The bullfrog closely misses you. The sleepcap releases spores at you.
* * * LOW HITPOINT WARNING * * *
You are engulfed in a cloud of soporific spores!
You fall asleep.
Your quasit completely misses the bullfrog.
Your quasit barely misses the bullfrog. x2
The bullfrog hits you!!
You die...

Skill      XL: |  1  2  3  4  5  6  7 |
---------------+----------------------+-----
Dodging        | 2 3 4 5 |  5.4
Necromancy     | 5 6 7 |  7.0
Spellcasting   | 3 |  3.8
Stealth        | |  1.7

Action                     |  1- 3 |  4- 6 |  7- 9 || total
---------------------------+-------+-------+-------++-------
  Melee: Unarmed           |     6 |    26 |       ||    32
         Dagger            |       |    35 |     1 ||    36
         War axe           |       |       |     5 ||     5
         Rapier            |       |       |     4 ||     4
         Headbutt          |       |       |     1 ||     1
   Cast: Necrotise         |    51 |   107 |    27 ||   185
         Vampiric Draining |       |     8 |     8 ||    16
         Animate Dead      |       |       |     1 ||     1
    Use: Scroll            |       |     7 |     4 ||    11
         Potion            |       |     1 |     2 ||     3
 Armour: Robe              |    15 |    51 |    27 ||    93
  Dodge: Dodged            |    14 |    67 |    27 ||   108

Levels and vault maps discovered:
D:1:      roderic_crossed_star, layout_loops_cross,
          ebering_ecumenical_altar_hall
D:2:      layout_loops_corners, basic_altar
D:3:      kennysheep_big_flooded_room, layout_loops_cross,
          minmay_misc_feat_roman, serial_bayou_ford_a,
          minmay_misc_feat_diagonals
D:4:      layout_loops_ring, fedhas_altar_4, chequers_serial_rivers_small_3
D:5:      layout_layer_cave, mainiacjoe_overflow_alcove_4,
          mainiacjoe_overflow_alcove_1, minmay_temple_entry_ruins, uniq_duvessa

Notes
Turn   | Place    | Note
-------+----------+-------------------------------------------
     0 | D:1      | ytrimaz the Demonspawn Necromancer began the quest for the
                  | Orb.
     0 | D:1      | Reached XP level 1. HP: 13/13 MP: 3/3
     0 | D:1      | magus.rc [v1.9.6]
   102 | D:1      | Reached skill level 2 in Dodging
   152 | D:1      | Found a faded altar of an unknown god.
   165 | D:1      | Gained mutation: You have an unusually large brain. (Int
                  | +2) [demonic ancestry]
   165 | D:1      | Reached XP level 2. HP: 19/19 MP: 3/5
   664 | D:1      | Reached skill level 5 in Necromancy
   664 | D:1      | Reached XP level 3. HP: 24/24 MP: 3/6
  1062 | D:2      | Learned a level 3 spell: Vampiric Draining
  1278 | D:2      | Reached skill level 3 in Dodging
  1399 | D:2      | Reached XP level 4. HP: 30/30 MP: 4/7
  2027 | D:2      | Found an iron altar of Okawaru.
  2544 | D:3      | Reached XP level 5. HP: 32/35 MP: 1/8
  2570 | D:3      | HP: 8/35 [something (1)]
  2572 | D:3      | HP: 2/35 [something (2)]
  2575 | D:3      | Reached skill level 6 in Necromancy
  3026 | D:3      | Reached skill level 4 in Dodging
  3387 | D:4      | Gained mutation: A weak demonic guardian rushes to your
                  | aid. [demonic ancestry]
  3387 | D:4      | Reached XP level 6. HP: 39/41 MP: 1/9
  3865 | D:4      | You pick up a book of Power and begin reading...
  3865 | D:4      | You add the spells Iskenderun's Battlesphere, Bombard and
                  | Spellforged Servitor to your library.
  3871 | D:4      | Learned a level 4 spell: Animate Dead
  4231 | D:4      | Reached skill level 3 in Spellcasting
  4231 | D:4      | Reached skill level 7 in Necromancy
  4231 | D:4      | Gained mutation: You have an extremely huge brain. (Int +4)
                  | [demonic ancestry]
  4231 | D:4      | Reached XP level 7. HP: 25/46 MP: 0/11
  4591 | D:4      | Found a blossoming altar of Fedhas.
  4775 | D:5      | Entered Level 5 of the Dungeon
  4811 | D:5      | Reached skill level 5 in Dodging
  4811 | D:5      | Gained mutation: You are strong-willed. (Will+) [potion of
                  | mutation]
  4811 | D:5      | Gained mutation: You have a pair of small horns on your
                  | head. [potion of mutation]
  4811 | D:5      | Gained mutation: You are vulnerable to cold. (rC-) [potion
                  | of mutation]
  4910 | D:5      | Found a staircase to the Ecumenical Temple.
  5284 | D:5      | HP: 9/46 [bullfrog (6)]
  5285 | D:5      | Mangled by a bullfrog

Vanquished Creatures
  An ogre (D:5)
  A bombardier beetle (D:4)
  4 hounds
  3 orc priests
  A sleepcap (D:5)
  An iguana (D:4)
  2 orc wizards
  3 adders
  4 dart slugs
  3 ribbon worms
  10 orcs
  3 bats
  5 endoplasms
  2 giant cockroaches
  12 goblins
  11 hobgoblins
  8 jackals
  6 quokkas
  8 ball pythons
  3 frilled lizards
  2 kobolds
  6 rats
99 creatures vanquished.

Vanquished Creatures (collateral kills)
  An ogre (D:4)
  An adder (D:2)
  An orc (D:5)
  An endoplasm (D:1)
  2 frilled lizards
6 creatures vanquished.

Grand Total: 105 creatures vanquished

Table legend:
 A = Non-vault XP
 B = Vault XP
 C = Vault XP percentage of total XP
 D = Non-vault monster count
 E = Vault monster count
 F = Vault count percentage of total count
                 A         B        C        D         E       F
            +---------+---------+-------+---------+---------+-------
      Total |    1073 |       5 |   0.5 |     103 |       2 |   1.9
            +---------+---------+-------+---------+---------+-------
        D:1 |      55 |       0 |   0.0 |      19 |       0 |   0.0
        D:2 |     106 |       0 |   0.0 |      28 |       0 |   0.0
        D:3 |     178 |       5 |   2.7 |      21 |       2 |   8.7
        D:4 |     452 |       0 |   0.0 |      25 |       0 |   0.0
        D:5 |     282 |       0 |   0.0 |      10 |       0 |   0.0
            +---------+---------+-------+---------+---------+-------

Skill      XL: |  1  2  3  4  5  6  7 |
---------------+----------------------+-----
Dodging        | 2 3 4 5 |  5.4
Necromancy     | 5 6 7 |  7.0
Spellcasting   | 3 |  3.8
Stealth        | |  1.7

Action                     |  1- 3 |  4- 6 |  7- 9 || total
---------------------------+-------+-------+-------++-------
  Melee: Unarmed           |     6 |    26 |       ||    32
         Dagger            |       |    35 |     1 ||    36
         War axe           |       |       |     5 ||     5
         Rapier            |       |       |     4 ||     4
         Headbutt          |       |       |     1 ||     1
   Cast: Necrotise         |    51 |   107 |    27 ||   185
         Vampiric Draining |       |     8 |     8 ||    16
         Animate Dead      |       |       |     1 ||     1
    Use: Scroll            |       |     7 |     4 ||    11
         Potion            |       |     1 |     2 ||     3
 Armour: Robe              |    15 |    51 |    27 ||    93
  Dodge: Dodged            |    14 |    67 |    27 ||   108

Illustrated notes

Table legend:
 A = Kills in this place as a percentage of kills in the entire game.
 B = Kills by you in this place as a percentage of kills by you in the entire game.
 C = Kills by friends in this place as a percentage of kills by friends in the entire game.
 D = Other kills in this place as a percentage of other kills in the entire game.
 E = Experience gained in this place as a percentage of experience gained in the entire game.
 F = Experience gained in this place divided by the number of levels of this place that you have seen.
                   A       B       C       D       E      F
               +-------+-------+-------+-------+-------+----------------------
         Total | 100.0 | 100.0 | 100.0 |   N/A | 100.0 | 215.6
       Dungeon | 100.0 | 100.0 | 100.0 |   N/A | 100.0 | 215.6
               +-------+-------+-------+-------+-------+----------------------

Table legend: (Time is in decaauts)
 A = Elapsed time spent in this place.
 B = Non-inter-level travel time spent in this place.
 C = Inter-level travel time spent in this place.
 D = Time resting spent in this place.
 E = Time spent auto-exploring this place.
 F = Levels seen in this place.
 G = Mean time per level.
                   A        B        C        D        E       F      G
               +--------+--------+--------+--------+--------+-----+--------+
         Total |   5290 |   5159 |    131 |    201 |   4120 |   5 | 1058.0 |
       Dungeon |   5290 |   5159 |    131 |    201 |   4120 |   5 | 1058.0 |
               +--------+--------+--------+--------+--------+-----+--------+

Top non-repeatable levels by time:
     D:2: 1449 daAuts
     D:4: 1416 daAuts
     D:3: 976 daAuts
     D:1: 933 daAuts
     D:5: 514 daAuts
